 Dungeon Crawl Stone Soup version 0.22.1-6-g1668fe2c40 (webtiles) character file.

369293 Peloso the Hoplite (level 21, -1/202 HPs)
             Began as a Minotaur Fighter on Jan 26, 2019.
             Was the Champion of Okawaru.
             Slain by a deep troll (24 damage)
             ... led by an ironheart preserver
             ... on level 4 of the Vaults.
             The game lasted 02:47:50 (49287 turns).

Peloso the Hoplite (Minotaur Fighter)              Turns: 49287, Time: 02:47:51

Health: -1/202     AC: 35    Str: 23    XL:     21   Next: 66%
Magic:  19/21      EV: 11    Int:  3    God:    Okawaru [******]
Gold:   1192       SH: 27    Dex: 19    Spells: 22/22 levels left

rFire    + + .     SeeInvis +   a - +1 double sword (holy)
rCold    + . .     Gourm    .   I - +0 large shield of Yloytob {rF+ Regen+ rCorr}
rNeg     + . .     Faith    +   J - +10 crystal plate armour of Inaction {rPois MR+++ Str-5 Int-4}
rPois    +         Spirit   .   O - +1 hat {SInv}
rElec    +         Reflect  .   R - scarf {cloud immunity}
rCorr    +         Harm     .   X - +1 pair of gloves "Totyr" {-Cast rN+ Slay+5 Stlth+}
MR       ++++.     NoCast   +   d - +2 pair of boots {run}
Stlth    ..........             D - amulet of faith
HPRegen  0.83/turn              L - ring of Sasouky {rPois rF+ Dex+4}
MPRegen  0.17/turn              q - ring "Byuplyox" {rElec rC+ Int+2 Dex+2 Slay+2}

@: heroism, corroded, studying Unarmed Combat, quick
A: retaliatory headbutt, horns 2
}: 2/15 runes: decaying, serpentine
a: Heroism, Finesse, Renounce Religion


You were on level 4 of the Vaults.
You worshipped Okawaru.
Okawaru was exalted by your worship.
You were very hungry.

You visited 7 branches of the dungeon, and saw 38 of its levels.
You visited 2 bazaars.
You also visited: Trove, Ice Cave and Wizlab.

You collected 4916 gold pieces.
You spent 3724 gold pieces at shops.

Inventory:

Hand Weapons
 a - a +1 double sword of holy wrath (weapon)
 b - a +2 demon blade of electrocution
 l - a +3 scimitar of flaming
 E - the +6 short sword "Xamurphuo" {speed, +Fly MP+9 Str+3 Dex+3, unknown}
   (You found it on level 15 of the Dungeon)

   Attacks with this weapon are significantly faster.
   It affects your strength (+3).
   It affects your dexterity (+3).
   It affects your magic capacity (+9).
   It lets you fly.
Armour
 c - the +0 shield of Submission {Regen+ rCorr Dex+2}
   (Okawaru gifted it to you on level 4 of the Snake Pit)

   It affects your dexterity (+2).
   It increases your rate of regeneration.
   It provides partial protection from all sources of acid and corrosion.
 d - a +2 pair of boots of running (worn)
 m - a +2 shield
 r - +0 fire dragon scales
 I - the +0 large shield of Yloytob (worn) {rF+ Regen+ rCorr}
   (Okawaru gifted it to you on level 1 of the Vaults)

   It protects you from fire.
   It increases your rate of regeneration.
   It provides partial protection from all sources of acid and corrosion.
 J - the +10 crystal plate armour of Inaction (worn) {rPois MR+++ Str-5 Int-4}
   (Okawaru gifted it to you on level 8 of the Dungeon)

   It affects your strength (-5).
   It affects your intelligence (-4).
   It protects you from poison.
   It affects your resistance to hostile enchantments.
 O - a +1 hat of see invisible (worn)
 R - a scarf of cloud immunity (worn)
 X - the +1 pair of gloves "Totyr" (worn) {-Cast rN+ Slay+5 Stlth+}
   (You found it on level 3 of the Elven Halls)

   It affects your accuracy and damage with ranged weapons and melee attacks
   (+5).
   It protects you from negative energy.
   It prevents spellcasting.
   It makes you more stealthy.
Jewellery
 q - the ring "Byuplyox" (right hand) {rElec rC+ Int+2 Dex+2 Slay+2}
   (You bought it in a shop in a bazaar)

   [ring of dexterity]

   It affects your intelligence (+2).
   It affects your dexterity (+2).
   It affects your accuracy and damage with ranged weapons and melee attacks
   (+2).
   It protects you from cold.
   It insulates you from electricity.
 t - a cursed -3 ring of dexterity
 w - the ring of Robustness {AC+8}
   (You found it on level 15 of the Dungeon)

   [ring of protection]

   It affects your AC (+8).
 y - an uncursed ring of flight
 z - the amulet "Netrotab" {rElec rPois rC- rN++ Regen+}
   (You bought it in a shop in a bazaar)

   [amulet of regeneration]

   It makes you vulnerable to cold.
   It insulates you from electricity.
   It protects you from poison.
   It greatly protects you from negative energy.
   It increases your rate of regeneration.
 D - an amulet of faith (around neck)
 L - the ring of Sasouky (left hand) {rPois rF+ Dex+4}
   (You found it in a treasure trove)

   [ring of dexterity]

   It affects your dexterity (+4).
   It protects you from fire.
   It protects you from poison.
 S - the ring of Phasing {EV+8}
   (You found it on level 12 of the Dungeon)

   [ring of evasion]

   It affects your evasion (+8).
 U - an uncursed ring of protection from cold
Wands
 h - a wand of polymorph (24)
 F - a wand of digging (29)
Scrolls
 i - 5 scrolls of identify
 j - 21 scrolls of remove curse
 k - 8 scrolls of magic mapping
 u - 12 scrolls of fear
 v - a scroll of enchant weapon
 x - 8 scrolls of noise
 G - 18 scrolls of teleportation
 M - 2 scrolls of enchant armour
 P - 6 scrolls of blinking
 V - a scroll of fog
Potions
 g - 3 potions of flight
 n - 18 potions of curing
 o - 6 potions of resistance
 p - a potion of invisibility
 s - 8 potions of berserk rage
 B - 3 potions of heal wounds
 C - 6 potions of mutation
 H - 2 potions of agility
 N - 6 potions of might
 Q - 4 potions of haste
 T - a potion of magic
Books
 e - a manual of Unarmed Combat
Miscellaneous
 A - a sack of spiders
 K - a box of beasts
Comestibles
 f - 46 rations


   Skills:
 + Level 20.5(25.5) Fighting
 + Level 21.4(26.4) Long Blades
   Level 1.2(6.2) Staves
 + Level 1.1(6.1) Throwing
 + Level 18.9(23.9) Armour
 + Level 3.0(8.0) Dodging
 + Level 2.8(7.8) Stealth
 + Level 24.3(27) Shields
 + Level 2.8(7.8) Unarmed Combat
 + Level 1.0 Spellcasting
 + Level 2.2 Invocations
 + Level 2.5 Evocations


You had 22 spell levels left.
You didn't know any spells.
Your spell library contained the following spells:

 Spells                   Type           Power        Failure   Level  Hunger
 Apportation              Tloc           #.....       100%        1    ##.....
 Confusing Touch          Hex            #.....       100%        1    ##.....
 Corona                   Hex            #......      100%        1    ##.....
 Flame Tongue             Conj/Fire      #....        100%        1    ##.....
 Sting                    Conj/Pois      #...         100%        1    ##.....
 Summon Butterflies       Summ           #.......     100%        1    ##.....
 Summon Small Mammal      Summ           #...         100%        1    ##.....
 Call Imp                 Summ           #.......     100%        2    ###....
 Ensorcelled Hibernation  Hex/Ice        #.....       100%        2    ###....
 Poisonous Vapours        Pois/Air       #.....       100%        2    ###....
 Slow                     Hex            #.......     100%        2    ###....
 Throw Flame              Conj/Fire      #.....       100%        2    ###....
 Call Canine Familiar     Summ           #.......     100%        3    ####...
 Confuse                  Hex            #.......     100%        3    ####...
 Conjure Flame            Conj/Fire      #.......     100%        3    ####...
 Dazzling Spray           Conj/Hex       #.....       100%        3    ####...
 Gell's Gravitas          Tloc           #.........   100%        3    ####...
 Inner Flame              Hex/Fire       #.......     100%        3    ####...
 Lesser Beckoning         Tloc           #.........   100%        3    ####...
 Mephitic Cloud           Conj/Pois/Air  #.......     100%        3    ####...
 Portal Projectile        Hex/Tloc       #.....       100%        3    ####...
 Summon Guardian Golem    Hex/Summ       #.......     100%        3    ####...
 Tukima's Dance           Hex            #.......     100%        3    ####...
 Cause Fear               Hex            #.........   100%        4    #####..
 Ice Form                 Ice/Tmut       #.......     100%        4    #####..
 Leda's Liquefaction      Hex/Erth       #.........   100%        4    #####..
 Olgreb's Toxic Radiance  Pois           #.......     100%        4    #####..
 Petrify                  Tmut/Erth      #.......     100%        4    #####..
 Sticky Flame             Conj/Fire      #.......     100%        4    #####..
 Summon Ice Beast         Ice/Summ       #.......     100%        4    #####..
 Summon Lightning Spire   Summ/Air       #.......     100%        4    #####..
 Throw Icicle             Conj/Ice       #.......     100%        4    #####..
 Alistair's Intoxication  Tmut/Pois      #.......     100%        5    ######.
 Bolt of Magma            Conj/Fire/Erth #.........   100%        5    ######.
 Fireball                 Conj/Fire      #.........   100%        5    ######.
 Iskenderun's Battlesphe  Conj/Chrm      #.......     100%        5    ######.
 Metabolic Englaciation   Hex/Ice        #.........   100%        5    ######.
 Silence                  Hex/Air        #.........   100%        5    ######.
 Summon Mana Viper        Hex/Summ       #.......     100%        5    ######.
 Venom Bolt               Conj/Pois      #.........   100%        5    ######.
 Yara's Violent Unravell  Hex/Tmut       #.........   100%        5    ######.
 Death Channel            Necr           #.........   100%        6    #######
 Deflect Missiles         Chrm/Air       #.........   100%        6    #######
 Hydra Form               Tmut           #.........   100%        6    #######
 Invisibility             Hex            #.......     100%        6    #######
 Iron Shot                Conj/Erth      #.........   100%        6    #######
 Ozocubu's Refrigeration  Ice            #.........   100%        6    #######
 Simulacrum               Ice/Necr       #.........   100%        6    #######
 Statue Form              Tmut/Erth      #........    100%        6    #######
 Orb of Destruction       Conj           #.........   100%        7    #######
 Spellforged Servitor     Conj/Summ      #.........   100%        7    #######
 Summon Hydra             Summ           #.........   100%        7    #######
 Discord                  Hex            #.........   100%        8    #######
 Shatter                  Erth           #.........   100%        9    #######


Dungeon Overview and Level Annotations

Branches:
Dungeon (15/15)            Temple (0/1) D:4            Lair (6/6) D:9
  Swamp (4/4) Lair:4        Snake (4/4) Lair:2        Slime (0/5) Lair:5
    Orc (2/2) D:11            Elf (3/3) Orc:2        Vaults (4/5) D:13
  Crypt (0/3) Vaults:3     Depths (0/5) D:15

Altars:
Ashenzari
Elyvilon
Fedhas
Gozag
Hepliaklqana
Makhleb
Nemelex Xobeh
Okawaru
Qazlal
Sif Muna
Trog
Uskayaw
Wu Jian

Shops:
D:5 ?   Orc:2 *!*:(   Elf:2 :?%   Snake:1 =}=   Snake:3 %   Snake:4 (

Portals:
Hell: Lair:6


Innate Abilities, Weirdness & Mutations

You reflexively headbutt those who attack you in melee.
You have a pair of horns on your head.


Message History

The deep troll bites you but does no damage.
The deep troll claws you!
* * * LOW HITPOINT WARNING * * *
You block the deep troll's attack.
You hit the deep troll but do no damage.
You headbutt the deep troll.
The deep troll is almost dead.
The deep troll bites you but does no damage.
The deep troll closely misses you. You block the deep troll's attack.
The deep troll bites you.
* * * LOW HITPOINT WARNING * * *
You block the deep troll's attack. The deep troll closely misses you.
You hit the deep troll but do no damage.
The deep troll is almost dead.
Unknown command.
You hit the deep troll but do no damage.
The deep troll is almost dead.
The deep troll bites you but does no damage.
You block the deep troll's attack. x2; The deep troll bites you!!
You die...

.....................
......
..)........%.........
......
.....................
......
.....................
......
.....................
######
....#########))......
#..... ....#
#(########.. #.....
....# #)#T.....'..
#....< ....#
#[)T@)...'.. #.....
#.#......#.. #.....
#.#......# #.....
#.#......# ######
#.#......'.
#.#####'##.. ... ...
. ... ... ...


You could see 2 deep trolls.

Vanquished Creatures
  Sojobo (Vaults:3)
  Saint Roka (Snake:3)
  Xtahua (Vaults:4)
  A bone dragon (Swamp:4)
  A lich (Vaults:3)
  Rupert (Orc:2)
  4 deep elf master archers (Elf:3)
  3 deep elf blademasters
  Gastronok (D:8)
  A storm dragon (Vaults:3)
  4 tengu reavers
  A sphinx (Vaults:3)
  8 nagarajas
  A fire giant (Vaults:2)
  5 deep elf sorcerers
  3 vault wardens
  An orc warlord (Vaults:3)
  3 deep elf elementalists (Elf:3)
  4 ironheart preservers
  A war gargoyle (Vaults:3)
  8 stone giants
  A ghoul (Vaults:1)
  The ghost of dondy the Spear-Bearer, a journeyman DrIE of Hepliaklqana (D:11)
  11 deep elf demonologists
  2 entropy weavers
  10 deep elf annihilators
  Azrael (Snake:3)
  An eidolon (Vaults:3)
  A spark wasp (shapeshifter) (D:14)
  Snorg (D:11)
  7 deep elf death magi
  An orange crystal statue (WizLab)
  A jiangshi (Vaults:3)
  2 fire dragons
  5 deep elf high priests
  11 naga warriors
  3 great orbs of eyes
  21 hydras
  5 ice dragons
  Erica (D:10)
  A catoblepas (D:14)
  A vault guard (Vaults:2)
  2 ghost crabs
  2 rakshasas
  9 centaur warriors
  7 anacondas
  18 dancing weapons
  6 death knights
  24 two-headed ogres
  5 alligators
  A deep troll shaman (Vaults:4)
  A vampire mage (Vaults:3)
  7 naga sharpshooters
  9 ogre magi
  6 shock serpents
  Nergalle (D:11)
  A sun demon (Lair:6)
  14 deep elf knights
  2 salamander mystics (Snake:4)
  10 skeletal warriors
  4 deep trolls
  A spriggan druid (Swamp:4)
  5 unseen horrors
  A shadow dragon zombie (Vaults:4)
  5 wizards
  2 swamp dragons
  2 spectral hydras (Swamp:4)
  A glowing orange brain (Vaults:3)
  2 flayed ghosts
  6 naga ritualists
  13 harpies
  8 ironbrand convokers
  Pikel (D:5)
  5 phantasmal warriors
  3 necromancers
  2 shambling mangroves
  44 deep elf magi
  A lindwurm (Lair:6)
  15 deep elf archers
  11 mana vipers
  4 orc sorcerers
  5 wolf spiders
  A wolf spider zombie (D:15)
  8 orc knights
  2 salamanders (shapeshifter)
  20 ugly things
  7 cyclopes
  A frost giant zombie (Vaults:4)
  3 salamanders
  A human skeleton (Vaults:4)
  7 vault sentinels
  6 elephants (Lair:4)
  5 centaur zombies
  3 guardian serpents (shapeshifter)
  2 black mambas (shapeshifter)
  24 black mambas
  An orange demon (Lair:6)
  16 naga magi
  6 ice statues
  6 guardian serpents
  3 centaur skeletons
  8 spiny frogs
  10 komodo dragons
  8 yaktaurs
  4 rime drakes (Lair:6)
  A swamp worm zombie (Swamp:4)
  A hellwing (Lair:6)
  2 redback zombies
  11 freezing wraiths
  12 ice devils
  13 trolls
  2 yaktaur skeletons (Vaults:4)
  4 meliai
  A red devil (Lair:6)
  7 tyrant leeches
  4 hydra zombies (Swamp:4)
  3 polar bears
  13 slime creatures
  13 blink frogs
  Grinder (D:3)
  A harpy skeleton (D:14)
  13 hippogriffs
  12 hornets
  7 alligator zombies (Swamp:4)
  Prince Ribbit (D:7)
  A blink frog (shapeshifter) (Vaults:2)
  3 spectral swamp dragons (Swamp:4)
  A human simulacrum (Vaults:4)
  7 bog bodies
  5 redbacks
  4 spriggans
  3 shadows
  40 yaks
  A vampire (D:14)
  7 basilisks
  8 fire elementals
  8 wraiths
  3 wyverns (D:15)
  22 vampire mosquitoes
  3 water elementals
  3 hungry ghosts
  Grum (D:11)
  2 acid dragons
  7 wargs
  A naga (shapeshifter) (Vaults:1)
  55 nagas
  2 soldier ants (D:15)
  24 insubstantial wisps
  10 swamp worms
  6 hell hounds
  3 porcupines
  13 water moccasins
  2 swamp drakes
  9 ice beasts
  13 orc warriors
  A deep troll skeleton (Vaults:4)
  An eye of draining (D:11)
  A black bear (shapeshifter) (Vaults:2)
  6 phantoms
  3 sky beasts
  3 swamp dragon zombies (Swamp:4)
  A black bear (D:12)
  An elf zombie (Vaults:4)
  2 necrophages
  2 human zombies (Vaults:4)
  34 ogres
  5 centaurs
  12 wolves
  9 crocodiles
  2 big kobolds
  Blork the orc (D:5)
  23 bullfrogs
  A gnoll sergeant (D:8)
  An earth elemental (Elf:2)
  A water moccasin zombie (D:9)
  A wyvern skeleton (D:10)
  An elf simulacrum (Vaults:2)
  7 killer bees
  9 wights
  6 electric eels
  4 howler monkeys
  7 crimson imps
  A quasit (D:8)
  2 bullfrog zombies
  32 orc wizards
  2 hounds
  15 orc priests
  Crazy Yiuf (D:5)
  6 jellies
  Jessica (D:3)
  9 iguanas
  Ijyb (D:5)
  A spectral swamp drake (Swamp:4)
  4 troll simulacra (IceCv)
  14 worker ants
  2 spriggan simulacra (IceCv)
  A bullfrog simulacrum (D:11)
  2 hound skeletons
  A worker ant zombie (D:10)
  11 gnolls
  7 adders
  2 naga simulacra (IceCv)
  2 ogre simulacra (IceCv)
  A swamp drake zombie (Swamp:4)
  A hound simulacrum (D:11)
  2 shadow imps
  8 white imps
  3 oozes
  An adder zombie (D:8)
  An adder skeleton (D:7)
  5 leopard geckos
  71 orcs
  A ball python (D:3)
  3 bats
  3 giant cockroaches (D:1)
  7 hobgoblins
  5 jackals
  4 quokkas
  A ball python skeleton (D:4)
  3 frilled lizards
  6 goblins
  11 kobolds
  A leopard gecko skeleton (D:4)
  10 rats
  3 fungi
  A plant (Lair:1)
1363 creatures vanquished.

Vanquished Creatures (others)
  Asterion (Elf:2)
  A naga sharpshooter (Snake:4)
  A shambling mangrove (Swamp:2)
  A deep elf archer (Elf:1)
  A bog body (Swamp:4)
  A spriggan (Swamp:3)
  A water moccasin (Snake:1)
  An orc warrior (Snake:3)
  A centaur zombie (D:5)
  An adder zombie (D:5)
  An orc (Snake:3)
  3 fungi
  5 plants (D:9)
19 creatures vanquished.

Grand Total: 1382 creatures vanquished

Notes
Turn   | Place    | Note
-------+----------+-------------------------------------------
     0 | D:1      | Peloso the Minotaur Fighter began the quest for the Orb.
     0 | D:1      | Reached XP level 1. HP: 19/19 MP: 0/0
    81 | D:1      | Reached XP level 2. HP: 27/27 MP: 1/1
   793 | D:2      | Reached XP level 3. HP: 24/33 MP: 2/2
   912 | D:2      | Found an ornate altar of the Wu Jian Council.
  1263 | D:2      | Found a blossoming altar of Fedhas.
  1391 | D:3      | Reached XP level 4. HP: 40/40 MP: 3/3
  1393 | D:3      | Noticed Jessica
  1405 | D:3      | Killed Jessica
  1405 | D:3      | Reached skill level 5 in Armour
  1617 | D:3      | Reached skill level 4 in Shields
  1625 | D:3      | Reached XP level 5. HP: 43/46 MP: 4/4
  1885 | D:3      | Reached skill level 5 in Long Blades
  1964 | D:3      | Found a bloodstained altar of Trog.
  2057 | D:3      | Found an iron altar of Okawaru.
  2057 | D:3      | Found a bloodstained altar of Trog.
  2071 | D:3      | Became a worshipper of Warmaster Okawaru
  2152 | D:3      | Found a hazy altar of Hepliaklqana.
  2152 | D:3      | Found a deep blue altar of Sif Muna.
  2176 | D:3      | Noticed Grinder
  2195 | D:3      | Paralysed by Grinder for 2 turns
  2205 | D:3      | Killed Grinder
  2205 | D:3      | Reached XP level 6. HP: 30/53 MP: 5/5
  2391 | D:3      | Found a shattered altar of Ashenzari.
  2815 | D:4      | Reached skill level 1 in Dodging
  2956 | D:4      | Reached XP level 7. HP: 37/60 MP: 6/6
  3284 | D:4      | Found a staircase to the Ecumenical Temple.
  3369 | D:5      | Entered Level 5 of the Dungeon
  3397 | D:5      | Noticed Ijyb
  3406 | D:5      | Killed Ijyb
  3436 | D:5      | Reached skill level 5 in Shields
  3572 | D:5      | Found Boomebut's Magic Scroll Boutique.
  3577 | D:5      | Bought a scroll of magic mapping for 52 gold pieces
  3577 | D:5      | Bought a scroll of random uselessness for 15 gold pieces
  3582 | D:5      | Noticed Blork the orc
  3597 | D:5      | Killed Blork the orc
  3677 | D:5      | Reached * piety under Okawaru
  3677 | D:5      | Reached skill level 5 in Fighting
  3714 | D:5      | Noticed Pikel
  3724 | D:5      | Killed Pikel
  3724 | D:5      | Reached ** piety under Okawaru
  3724 | D:5      | Reached skill level 6 in Shields
  3724 | D:5      | Reached skill level 1 in Unarmed Combat
  3724 | D:5      | Reached XP level 8. HP: 15/68 MP: 4/7
  4105 | D:5      | Found an opulent altar of Gozag.
  4420 | D:5      | Found a runed door.
  4425 | D:5      | Noticed Crazy Yiuf
  4430 | D:5      | Killed Crazy Yiuf
  4467 | D:6      | Found a sparkling altar of Nemelex Xobeh.
  4653 | D:6      | Reached XP level 9. HP: 19/75 MP: 5/8
  5003 | D:6      | Found a stormy altar of Qazlal.
  5343 | D:6      | Reached *** piety under Okawaru
  5660 | D:7      | Got a faintly glowing battleaxe
  5661 | D:7      | Identified the +3 battleaxe of the Ten Songs {chop, rC+}
                  | (You found it on level 7 of the Dungeon)
  5733 | D:7      | Noticed Prince Ribbit
  5764 | D:7      | Reached skill level 7 in Shields
  5794 | D:7      | Killed Prince Ribbit
  5794 | D:7      | Reached skill level 10 in Long Blades
  5974 | D:7      | You fall through a shaft for 3 floors!
  5974 | D:10     | Entered Level 10 of the Dungeon
  6150 | D:10     | Reached skill level 8 in Shields
  6169 | D:10     | Reached **** piety under Okawaru
  6238 | D:10     | Killed an unseen horror
  6238 | D:10     | Reached XP level 10. HP: 33/86 MP: 9/9
  6758 | D:10     | Noticed Erica
  6773 | D:10     | Killed Erica
  6773 | D:10     | Reached ***** piety under Okawaru
  6773 | D:10     | Reached skill level 9 in Shields
  6773 | D:10     | Reached skill level 1 in Invocations
  7098 | D:9      | Found a staircase to the Lair.
  7352 | D:8      | Received a gift from Okawaru
  7352 | D:8      | Reached skill level 10 in Armour
  7361 | D:8      | Got a slimy crystal plate armour {god gift}
  7367 | D:8      | Identified the +10 crystal plate armour of Inaction {rPois
                  | MR+++ Str-5 Int-4} (Okawaru gifted it to you on level 8 of
                  | the Dungeon)
  7504 | D:8      | Found a hide-covered altar of Uskayaw.
  7612 | D:8      | Noticed Gastronok
  7632 | D:8      | Killed Gastronok
  7632 | D:8      | Reached skill level 10 in Shields
  7632 | D:8      | Reached XP level 11. HP: 64/95 MP: 8/11
  8667 | D:5      | Bought a scroll of enchant armour for 112 gold pieces
  8667 | D:5      | Bought a scroll of teleportation for 45 gold pieces
  8667 | D:5      | Bought a scroll of fear for 52 gold pieces
  8667 | D:5      | Bought a scroll of fog for 30 gold pieces
  8667 | D:5      | Bought a scroll of identify for 30 gold pieces
  8883 | D:9      | Found a white marble altar of Elyvilon.
  9765 | D:11     | Noticed Nergalle
  9788 | D:11     | Killed Nergalle
  9788 | D:11     | Reached skill level 11 in Shields
  9896 | D:11     | Noticed Grum
  9911 | D:11     | Killed Grum
  9939 | D:11     | Noticed dondy's ghost (journeyman DrIE)
  9944 | D:11     | Noticed a two-headed ogre
  9947 | D:11     | Received a gift from Okawaru
  9957 | D:11     | Killed a two-headed ogre
 10092 | D:11     | Found a staircase to the Orcish Mines.
 10244 | D:11     | Noticed an unseen horror
 10259 | D:11     | Killed an unseen horror
 10262 | D:11     | Noticed Snorg
 10290 | D:11     | Killed Snorg
 10514 | D:11     | Noticed a two-headed ogre
 10523 | D:11     | Killed a two-headed ogre
 10523 | D:11     | Reached XP level 12. HP: 106/106 MP: 12/12
 10786 | D:11     | Found a runed gate.
 10786 | D:11     | Found a runed gate.
 10786 | D:11     | Found a runed gate.
 10942 | D:12     | Reached skill level 12 in Shields
 11041 | D:12     | Reached skill level 10 in Fighting
 11223 | D:12     | Found the ring of Phasing {EV+8}
 12041 | D:5      | Bought a scroll of blinking for 112 gold pieces
 12041 | D:5      | Bought a scroll of remove curse for 45 gold pieces
 12173 | Lair:1   | Entered Level 1 of the Lair of Beasts
 12304 | Lair:1   | Noticed a six-headed hydra
 12307 | Lair:1   | Noticed a seven-headed hydra
 12311 | Lair:1   | Killed a three-headed hydra
 12311 | Lair:1   | Noticed a six-headed hydra
 12319 | Lair:1   | Killed a one-headed hydra
 12319 | Lair:1   | Received a gift from Okawaru
 12327 | Lair:1   | Killed a one-headed hydra
 12377 | Lair:1   | Got a heavily runed cloak
 12388 | Lair:1   | Identified the cursed -5 cloak of the Game of Life {-Cast
                  | *Drain rN+++ Dex+8} (You found it on level 1 of the Lair of
                  | Beasts)
 13146 | Lair:2   | Found a staircase to the Snake Pit.
 13247 | Lair:2   | Got a faintly glowing scale mail
 13259 | Lair:2   | Found a burning altar of Makhleb.
 13470 | Lair:2   | Noticed an eight-headed hydra
 13480 | Lair:2   | Killed a three-headed hydra
 13828 | Lair:3   | Noticed an eight-headed hydra
 13837 | Lair:3   | Killed a five-headed hydra
 13837 | Lair:3   | Reached skill level 13 in Shields
 14002 | Lair:3   | Noticed an eight-headed hydra
 14010 | Lair:3   | Killed a four-headed hydra
 14287 | Lair:3   | Reached XP level 13. HP: 116/116 MP: 13/13
 14493 | Lair:3   | Received a gift from Okawaru
 15145 | Lair:4   | Reached skill level 15 in Long Blades
 15538 | Lair:4   | Found a staircase to the Swamp.
 15708 | Lair:4   | Identified the +6 scale mail of Dice, Bag, and Bottle
                  | {rElec} (You found it on level 2 of the Lair of Beasts)
 15885 | Lair:5   | Reached skill level 14 in Shields
 15926 | Lair:5   | Got an encrusted battleaxe
 16075 | Lair:5   | Found a staircase to the Slime Pits.
 16815 | Lair:6   | Entered Level 6 of the Lair of Beasts
 16820 | Lair:6   | Found a frozen archway.
 16835 | IceCv    | Entered an ice cave
 17422 | IceCv    | Received a gift from Okawaru
 17428 | IceCv    | Got a bloodstained long sword {god gift}
 17429 | IceCv    | Lost intelligence.
 17429 | IceCv    | Identified the +10 long sword of Exoneration {slice, rC-
                  | rN+++ Int-5 Stlth+} (Okawaru gifted it to you in an ice
                  | cave)
 17943 | Lair:6   | Received a gift from Okawaru
 17946 | Lair:6   | Got a faintly glowing dire flail {god gift}
 18018 | Lair:6   | Reached skill level 15 in Shields
 18018 | Lair:6   | Reached XP level 14. HP: 126/127 MP: 14/14
 18048 | Lair:6   | Found a burning altar of Makhleb.
 18170 | Lair:6   | Found a gateway to Hell.
 18957 | Lair:1   | Identified the +8 dire flail of Vain {antimagic, rF+ Int+4}
                  | (Okawaru gifted it to you on level 6 of the Lair of Beasts)
 18960 | Lair:1   | Lost intelligence.
 18960 | Lair:1   | Identified the +2 battleaxe of the Tundras {chop, rC+++
                  | Int-3 Dex-3 SInv} (You found it on level 5 of the Lair of
                  | Beasts)
 19280 | D:13     | Got a shimmering falchion
 19281 | D:13     | Identified the +6 falchion of Peloso's Sudden Death {chaos,
                  | rC++ Str-2 Dex+8} (You found it on level 13 of the Dungeon)
 19541 | D:13     | Reached skill level 1 in Evocations
 19751 | D:13     | Found a gate to the Vaults.
 19831 | D:13     | Reached ****** piety under Okawaru
 20257 | Orc:1    | Entered Level 1 of the Orcish Mines
 20896 | Orc:2    | Entered Level 2 of the Orcish Mines
 20897 | Orc:2    | Noticed Rupert
 20929 | Orc:2    | Killed Rupert
 20929 | Orc:2    | Received a gift from Okawaru
 20933 | Orc:2    | Got a pair of twisted gloves {god gift}
 20939 | Orc:2    | Identified the +0 pair of gloves of Zoel {-Tele Regen+
                  | Str+3 Int+2} (Okawaru gifted it to you on level 2 of the
                  | Orcish Mines)
 21174 | Orc:2    | Found Leqyowaatt's Antique Weapon Shop.
 21238 | Orc:2    | Found a staircase to the Elven Halls.
 21293 | Orc:2    | Reached skill level 16 in Shields
 21444 | Orc:2    | Found Jatsadimp's Distillery.
 21474 | Orc:2    | Received a gift from Okawaru
 21638 | Orc:2    | Found Vamnom's Assorted Antiques.
 21639 | Orc:2    | Found Mirurgh's General Store.
 21665 | Orc:2    | Found Ehyesedime's Book Boutique.
 21668 | Orc:2    | Bought a scroll of brand weapon for 320 gold pieces
 21703 | Orc:2    | Bought a potion of might for 48 gold pieces
 21703 | Orc:2    | Bought a potion of heal wounds for 60 gold pieces
 21703 | Orc:2    | Bought a potion of cancellation for 96 gold pieces
 21703 | Orc:2    | Bought a potion of mutation for 96 gold pieces
 22018 | D:14     | Reached XP level 15. HP: 139/139 MP: 15/15
 22083 | D:14     | Reached skill level 1 in Stealth
 22201 | D:13     | Reached skill level 17 in Shields
 22704 | D:14     | Got a polished flail {freeze}
 22834 | D:14     | Found an opulent altar of Gozag.
 22916 | D:14     | Found a deep blue altar of Sif Muna.
 23003 | D:14     | Received a gift from Okawaru
 23263 | D:14     | Got an ancient plate armour
 23512 | D:14     | Identified the +2 plate armour of the Guardian {rPois Str+4
                  | Int+7} (You found it on level 14 of the Dungeon)
 23529 | D:14     | Identified the cursed +0 flail "Nonairuh" {freeze, Int+2
                  | Dex+4} (You took it off a centaur warrior on level 14 of
                  | the Dungeon)
 23731 | D:11     | Killed dondy's ghost
 23742 | D:11     | Got the ring "Ketoy" {Fire}
 23744 | D:11     | Identified the ring "Ketoy" {Fire Str-2 Int+7} (You found
                  | it on level 11 of the Dungeon)
 24050 | Swamp:1  | Entered Level 1 of the Swamp
 24396 | Swamp:1  | Reached skill level 15 in Fighting
 25318 | Swamp:2  | Received a gift from Okawaru
 25733 | Swamp:3  | Paralysed by a hornet for 2 turns
 26864 | Snake:1  | Entered Level 1 of the Snake Pit
 27349 | Snake:1  | Reached skill level 15 in Armour
 27353 | Snake:1  | Reached skill level 18 in Shields
 27995 | Snake:1  | Reached XP level 16. HP: 149/149 MP: 16/16
 28280 | Snake:1  | Received a gift from Okawaru
 28354 | Snake:1  | Found Qeoshr Xyge's Jewellery Shop.
 28354 | Snake:1  | Found Lamytt's Gadget Emporium.
 28355 | Snake:1  | Found Yget's Jewellery Shop.
 28365 | Snake:1  | Bought the ring "Ibitz" {Ice rElec rN++ Int+4} for 694 gold
                  | pieces
 29825 | Snake:3  | Found Sonifail's Food Emporium.
 29874 | Snake:3  | Noticed Saint Roka
 29899 | Snake:3  | Killed Saint Roka
 30215 | Snake:3  | Found a hide-covered altar of Uskayaw.
 30235 | Snake:3  | Received a gift from Okawaru
 30423 | Snake:3  | Noticed Azrael
 30565 | Snake:3  | Killed Azrael
 31456 | Snake:4  | Entered Level 4 of the Snake Pit
 31456 | Snake:4  | Found Ugeepit's Weapon Shop.
 31676 | Snake:4  | Reached skill level 19 in Shields
 31890 | Snake:4  | Received a gift from Okawaru
 31926 | Snake:4  | Got a faintly glowing scimitar {god gift}
 31929 | Snake:4  | Identified the +4 scimitar "Catryemn" {freeze, *Noise
                  | +Blink +Fly rC+} (Okawaru gifted it to you on level 4 of
                  | the Snake Pit)
 33115 | Snake:4  | Received a gift from Okawaru
 33126 | Snake:4  | Reached XP level 17. HP: 132/160 MP: 17/17
 33179 | Snake:4  | Got a slimy shield {god gift}
 33185 | Snake:4  | Identified the +0 shield of Submission {Regen+ rCorr Dex+2}
                  | (Okawaru gifted it to you on level 4 of the Snake Pit)
 33766 | Snake:4  | Got a serpentine rune of Zot
 34361 | Swamp:4  | Entered Level 4 of the Swamp
 34394 | Swamp:4  | Received a gift from Okawaru
 34509 | Swamp:4  | Reached skill level 20 in Shields
 34547 | Swamp:4  | Identified a +2 pair of boots of running (Okawaru gifted it
                  | to you on level 4 of the Swamp)
 35355 | Swamp:4  | Noticed a bone dragon
 35427 | Swamp:4  | Killed a bone dragon
 35596 | Swamp:4  | Got a decaying rune of Zot
 36036 | Orc:2    | Bought a potion of heal wounds for 60 gold pieces
 36061 | Orc:2    | Bought a steel ring for 115 gold pieces
 36075 | Elf:1    | Entered Level 1 of the Elven Halls
 36165 | Elf:1    | Found a magical portal.
 36191 | WizLab   | Entered Wucad Mu's Monastery
 36484 | WizLab   | Found the +9 staff of Wucad Mu {channel}
 36499 | WizLab   | Received a gift from Okawaru
 36942 | Elf:1    | Received a gift from Okawaru
 37083 | Elf:1    | Found a portal to a secret trove of treasure.
 37097 | Elf:1    | You paid a toll of 7 potions of agility to enter a treasure
                  | trove
 37098 | Trove    | Entered a treasure trove
 37103 | Trove    | Got a scorched marble ring
 37109 | Trove    | Got a vibrating marble ring
 37111 | Trove    | Got a scintillating amber ring
 37123 | Trove    | Got a warped tin ring
 37145 | Trove    | Got a translucent zirconium amulet
 37148 | Trove    | Reached skill level 1 in Staves
 37148 | Trove    | Reached skill level 1 in Throwing
 37148 | Trove    | Reached skill level 1 in Spellcasting
 37148 | Trove    | Reached XP level 18. HP: 170/170 MP: 18/18
 37150 | Trove    | Got a transparent lead ring
 37587 | Lair:1   | Identified the amulet "Okhloweg" {Gourm rC- Str+4 Int+4}
                  | (You found it in a treasure trove)
 37596 | Lair:1   | Identified the ring "Amaebriy" {rC+ MR+ Slay+2} (You found
                  | it in a treasure trove)
 37599 | Lair:1   | Identified the ring "Siog" {Wiz rElec rPois MR- Str+6
                  | Int+2} (You found it in a treasure trove)
 37612 | Lair:1   | Identified the ring of Sasouky {rPois rF+ Dex+4} (You found
                  | it in a treasure trove)
 37646 | Lair:1   | Identified the ring "Coli Zats" {Fire MR+ Stlth+} (You
                  | found it in a treasure trove)
 37666 | Lair:1   | Identified the ring of Kikloho {rN+ MR+ Stlth+} (You found
                  | it in a treasure trove)
 38235 | Elf:2    | Found Qitwel's Book Shop.
 38343 | Elf:2    | Found Zeicvaoh's Magic Scroll Boutique.
 38368 | Elf:2    | Reached XP level 19. HP: 175/177 MP: 19/19
 38371 | Elf:2    | Bought a scroll of teleportation for 39 gold pieces
 38371 | Elf:2    | Bought a scroll of enchant armour for 97 gold pieces
 38371 | Elf:2    | Bought a scroll of magic mapping for 45 gold pieces
 38500 | Elf:2    | Reached skill level 21 in Shields
 38531 | Elf:2    | Found Doarochu's Food Boutique.
 38640 | Elf:2    | Found a runed gate.
 38640 | Elf:2    | Found a runed gate.
 38640 | Elf:2    | Found a runed gate.
 38810 | Elf:2    | Noticed Asterion
 38840 | Elf:2    | Killed Asterion
 39231 | Elf:2    | Received a gift from Okawaru
 39723 | Elf:3    | Entered Level 3 of the Elven Halls
 39791 | Elf:3    | Found a flickering gateway to a bazaar.
 39797 | Bazaar   | Entered a bazaar
 39797 | Bazaar   | Found Wiehabre's Book Emporium.
 39800 | Bazaar   | Found Xiunwel's Magic Scroll Shop.
 39807 | Bazaar   | Found Zyoday's Food Emporium.
 39817 | Bazaar   | Found Ukufasej's General Store.
 39866 | Bazaar   | Found Cifaythu's Jewellery Boutique.
 39873 | Bazaar   | Bought the ring "Byuplyox" {rElec rC+ Int+2 Dex+2 Slay+2}
                  | for 493 gold pieces
 39873 | Bazaar   | Bought the amulet "Netrotab" {rElec rPois rC- rN++ Regen+}
                  | for 620 gold pieces
 39888 | Bazaar   | Bought 2 scrolls of enchant weapon for 150 gold pieces
 39888 | Bazaar   | Bought a scroll of enchant armour for 75 gold pieces
 39888 | Bazaar   | Bought a scroll of magic mapping for 35 gold pieces
 39888 | Bazaar   | Bought a scroll of magic mapping for 35 gold pieces
 39903 | Bazaar   | Bought a scroll of enchant weapon for 82 gold pieces
 39903 | Bazaar   | Bought a scroll of teleportation for 33 gold pieces
 39903 | Bazaar   | Bought a scroll of magic mapping for 38 gold pieces
 41340 | Elf:3    | Noticed a Brimstone Fiend
 41395 | Elf:3    | Received a gift from Okawaru
 41513 | Elf:3    | Received a gift from Okawaru
 41962 | Elf:3    | Identified Sif Muna's Incunabulum of Sinister Arts and
                  | Calling
 41963 | Elf:3    | Found the +0 Maxwell's etheric cage {RegenMP+ *Contam rElec
                  | MP+4}
 41986 | Elf:3    | Identified Sofufis's Disquisition on Calling and Evil
 42072 | Elf:3    | Got a pair of bloodstained gloves
 42078 | Elf:3    | Identified the +1 pair of gloves "Totyr" {-Cast rN+ Slay+5
                  | Stlth+} (You found it on level 3 of the Elven Halls)
 42167 | Elf:3    | Reached skill level 22 in Shields
 43188 | Elf:3    | Identified Maysucidd's Handbook of the Shifting Glacier
 43586 | Vaults:1 | Entered Level 1 of the Vaults
 43631 | D:15     | Entered Level 15 of the Dungeon
 43643 | D:15     | Reached XP level 20. HP: 185/189 MP: 20/20
 43705 | D:15     | Found a staircase to the Depths.
 44083 | D:15     | Found the ring of Robustness {AC+8}
 44144 | D:15     | Got a translucent short sword
 44954 | Vaults:1 | Identified Sif Muna's Grimoire of Scorching Toxins
 45153 | Vaults:1 | Received a gift from Okawaru
 45173 | Vaults:1 | Got an ichor-stained large shield {god gift}
 45184 | Vaults:1 | Identified the +0 large shield of Yloytob {rF+ Regen+
                  | rCorr} (Okawaru gifted it to you on level 1 of the Vaults)
 45803 | Vaults:2 | Found a flickering gateway to a bazaar.
 45812 | Bazaar   | Entered a bazaar
 45863 | Bazaar   | Found Cejim's Weapon Shoppe.
 45877 | Bazaar   | Found Xanorch's Book Boutique.
 45909 | Bazaar   | Found Qeobbuim's Gadget Boutique.
 46381 | Vaults:2 | Reached skill level 23 in Shields
 46534 | Vaults:2 | Received a gift from Okawaru
 46743 | Vaults:2 | Received a gift from Okawaru
 47533 | Vaults:3 | Reached XP level 21. HP: 181/200 MP: 21/21
 47593 | Vaults:3 | Found a staircase to the Crypt.
 47687 | Vaults:3 | Received a gift from Okawaru
 47808 | Vaults:3 | Noticed Sojobo
 47824 | Vaults:3 | Killed Sojobo
 48050 | Vaults:3 | Received a gift from Okawaru
 48746 | Vaults:3 | Reached skill level 24 in Shields
 49060 | Vaults:4 | Noticed Xtahua
 49074 | Vaults:4 | Killed Xtahua
 49268 | Vaults:4 | HP: 9/202 [deep troll[an ironheart preserver] (13)]
 49279 | Vaults:4 | HP: 9/202 [deep troll[an ironheart preserver] (9)]
 49287 | Vaults:4 | Slain by a deep troll

Skill      XL: |  1  2  3  4  5  6  7  8  9 10 11 12 13 14 15 16 17 18 19 20 21 |
---------------+----------------------------------------------------------------+-----
Fighting       | 4 5 6 7 8 9 11 12 14 15 16 17 18 19 20 | 20.5
Armour         | 4 5 6 7 9 10 11 12 13 14 15 16 17 18 | 18.9
Long Blades    | 3 6 8 9 10 12 13 14 15 16 17 18 19 20 21 | 21.4
Shields        | 4 6 8 10 11 13 15 16 18 19 20 22 23 24 | 24.3
Dodging        | 1 2 3 |  3.0
Unarmed Combat | 1 2 |  2.8
Invocations    | 1 2 |  2.2
Evocations     | 1 2 |  2.5
Stealth        | 2 |  2.8
Staves         | 1 |  1.2
Throwing       | 1 |  1.1
Spellcasting   | 1 |  1.0

Action                   |  1- 3 |  4- 6 |  7- 9 | 10-12 | 13-15 | 16-18 | 19-21 || total
-------------------------+-------+-------+-------+-------+-------+-------+-------++-------
Melee: Long sword        |    50 |   119 |   270 |    76 |    32 |       |       ||   547
       Headbutt          |    15 |    27 |    56 |   174 |   360 |   391 |   518 ||  1541
       Unarmed           |       |       |    10 |       |    11 |       |       ||    21
       Scimitar          |       |       |       |   569 |   439 |   384 |     2 ||  1394
       Demon blade       |       |       |       |   112 |  1140 |   724 |   534 ||  2510
       Double sword      |       |       |       |       |       |   396 |  1020 ||  1416
Invok: Heroism           |       |       |     5 |     7 |     4 |     5 |     2 ||    23
Evoke: Wand              |       |       |       |     5 |    19 |     3 |       ||    27
  Use: Scroll            |       |     5 |     3 |     4 |    15 |    12 |     8 ||    47
       Potion            |       |       |     1 |     1 |     3 |    14 |     3 ||    22
 Stab: Petrified         |       |       |       |       |     7 |       |       ||     7
  Eat: Chunk             |     1 |     5 |     8 |    14 |    32 |    17 |    29 ||   106
       Ration            |       |       |     1 |     4 |     4 |     5 |     1 ||    15
Armor: Scale mail        |    21 |    27 |       |       |       |       |       ||    48
       Chain mail        |       |     3 |    37 |       |       |       |       ||    40
       Skin              |       |       |     5 |       |       |       |       ||     5
       Plate armour      |       |       |    69 |    64 |       |       |       ||   133
       Crystal plate arm |       |       |       |   342 |   649 |   709 |   739 ||  2439
Dodge: Dodged            |    17 |    28 |    50 |   171 |   530 |   623 |   261 ||  1680
Block: Shield            |    20 |    58 |   123 |   449 |  1016 |  1162 |   500 ||  3328
       Large shield      |       |       |       |       |       |       |  1022 ||  1022
       Rpst.: Long sword |     4 |     7 |    10 |     5 |       |       |       ||    26
       Scimitar          |       |       |       |    23 |    35 |    30 |       ||    88
       Demon blade       |       |       |       |    20 |    89 |    45 |    14 ||   168
       Double sword      |       |       |       |       |       |    29 |    42 ||    71
